 Dungeon Crawl Stone Soup version 0.27.1-34-g3ba077fa99 (webtiles) character file.

Game seed: 1162659594195011670

2885621 Hortimo the Lord of Darkness (level 27, 304/304 HPs)
             Began as a Demonspawn Necromancer on Jan 2, 2022.
             Was the Champion of Kikubaaqudgha.
             Escaped with the Orb
             ... and 5 runes on Jan 13, 2022!
             The game lasted 09:56:58 (83090 turns).

Hortimo the Lord of Darkness (DsNe)                Turns: 83090, Time: 09:56:58

Health: 304/304    AC: 32    Str: 18    XL:     27
Magic:  40/40      EV: 19    Int: 29    God:    Kikubaaqudgha [******]
Gold:   3681       SH: 18    Dex: 12    Spells: 1/63 levels left

rFire    + + +     SeeInvis .   a - +8 quick blade of Indomitability {vorpal, rElec rF+ Int+3}
rCold    + . .     Faith    .   M - +5 kite shield
rNeg     . . .     Spirit   .   s - +7 swamp dragon scales
rPois    +         Reflect  .   m - +2 hat of the Guild-Master {Str+2 Int+3}
rElec    +         Harm     .   U - +2 cloak {rCorr}
rCorr    +         Rampage  .   L - +2 pair of gloves
Will     +++++     Rnd*Rage +   (boots unavailable)
Stlth    ..........             w - amulet "Mohi" {RegenMP rPois Regen+ rCorr Slay+6}
HPRegen  1.60/turn              q - ring "Xakaomon" {rC++ Will+ Str+6 Int-4}
MPRegen  0.52/turn              v - ring "Weof" {Fire Will++ Int+3 Dex+2}

@: berserking, studying 3 skills, very quick
A: hooves 3, molten scales 3, demonic guardian 3, augmentation 3, demonic magic
3, berserk 1, clumsy 2, deterioration 1, frail 1, low mp 1, screaming 2,
inhibited regeneration, weak 2, evolution 1, subdued magic 2
0: Orb of Zot
}: 5/15 runes: decaying, slimy, silver, abyssal, gossamer
a: Renounce Religion, Receive Corpses, Torment


You escaped.
You worshipped Kikubaaqudgha.
Kikubaaqudgha was exalted by your worship.
You visited 13 branches of the dungeon, and saw 59 of its levels.
You visited the Abyss 1 time.
You also visited: Bailey, Gauntlet and Ice Cave.

You collected 9859 gold pieces.
You spent 6178 gold pieces at shops.

Inventory:

Hand Weapons
 a - the +8 quick blade of Indomitability (weapon) {vorpal, rElec rF+ Int+3}
   (You acquired it on level 10 of the Dungeon)

   It inflicts extra damage upon your enemies.
   Int:       It affects your intelligence (+3).
   rF:        It protects you from fire.
   rElec:     It insulates you from electricity.
 b - a +9 quick blade of electrocution
Missiles
 H - 6 throwing nets
Armour
 m - the +2 hat of the Guild-Master (worn) {Str+2 Int+3}
   (You acquired it on level 4 of the Lair of Beasts)

   Str:       It affects your strength (+2).
   Int:       It affects your intelligence (+3).
 s - +7 swamp dragon scales (worn)
 L - a +2 pair of gloves (worn)
 M - a +5 kite shield (worn)
 U - a +2 cloak of preservation (worn)
Jewellery
 q - the ring "Xakaomon" (left hand) {rC++ Will+ Str+6 Int-4}
   (You bought it in a shop on level 3 of the Depths)

   [ring of strength]

   Str:       It affects your strength (+6).
   Int:       It affects your intelligence (-4).
   rC:        It greatly protects you from cold.
   Will:      It increases your willpower.
 r - the ring of Saprigh {rN+ SInv}
   (You took it off a fire giant on level 2 of the Depths)

   [ring of positive energy]

   rN:        It protects you from negative energy.
   SInv:      It lets you see invisible.
 v - the ring "Weof" (right hand) {Fire Will++ Int+3 Dex+2}
   (You found it in a Gauntlet)

   [ring of fire]

   It enhances your fire magic.
   Int:       It affects your intelligence (+3).
   Dex:       It affects your dexterity (+2).
   rF:        It protects you from fire.
   rC:        It makes you vulnerable to cold.
   Will:      It greatly increases your willpower.
 w - the amulet "Mohi" (around neck) {RegenMP rPois Regen+ rCorr Slay+6}
   (You acquired it on level 3 of the Elven Halls)

   [amulet of magic regeneration]

   It increases your rate of magic regeneration.
   Slay:      It affects your accuracy & damage with ranged weapons and melee
   (+6).
   rPois:     It protects you from poison.
   Regen:     It increases your rate of health regeneration.
   rCorr:     It protects you from acid and corrosion.
 K - the amulet "Wosogu" {Acrobat rElec Regen+ rCorr Str+2}
   (You found it on level 4 of the Depths)

   [amulet of the acrobat]

   It increases your evasion while moving and waiting.
   Str:       It affects your strength (+2).
   rElec:     It insulates you from electricity.
   Regen:     It increases your rate of health regeneration.
   rCorr:     It protects you from acid and corrosion.
 O - the ring of Modesty {Wiz rC+ rN+ Str-3 Dex+3}
   (You found it on level 6 of the Dungeon)

   [ring of wizardry]

   It improves your spell success rate.
   Str:       It affects your strength (-3).
   Dex:       It affects your dexterity (+3).
   rC:        It protects you from cold.
   rN:        It protects you from negative energy.
 T - the ring of Lucidity {Wiz Fly rPois Dex-3 SInv}
   (You took it off a spriggan defender on level 1 of the Depths)

   [ring of wizardry]

   It improves your spell success rate.
   Dex:       It affects your dexterity (-3).
   rPois:     It protects you from poison.
   SInv:      It lets you see invisible.
   Fly:       It grants you flight.
Wands
 i - a wand of acid (53) (quivered)
 z - a wand of digging (20)
 F - a wand of paralysis (41)
 G - a wand of polymorph (53)
 P - a wand of charming (34)
 X - a wand of mindburst (46)
 Y - a wand of iceblast (97)
Scrolls
 c - 2 scrolls of enchant armour
 g - 5 scrolls of silence
 k - 8 scrolls of vulnerability
 o - 9 scrolls of immolation
 y - 3 scrolls of torment
 E - 18 scrolls of teleportation
 R - 4 scrolls of summoning
 V - 5 scrolls of fog
 W - 10 scrolls of fear
Potions
 e - 10 potions of curing
 f - 3 potions of invisibility
 h - 2 potions of magic
 j - 9 potions of lignification
 l - 3 potions of resistance
 n - a potion of haste
 t - 3 potions of heal wounds
 x - 4 potions of flight
 A - 3 potions of berserk rage
 D - 2 potions of ambrosia
 I - 2 potions of cancellation
 J - 10 potions of attraction
 Q - 10 potions of brilliance
 Z - a potion of might
Miscellaneous
 d - a phial of floods
 p - a tin of tremorstones (2/2)
 u - a phantom mirror
 B - a lightning rod (4/4)
 N - a box of beasts
 S - a condenser vane


   Skills:
 + Level 20.7 Fighting
 - Level 8.0 Short Blades
 - Level 15.0 Armour
 * Level 20.2 Dodging
 - Level 6.5 Stealth
 - Level 14.4 Shields
 - Level 18.5 Spellcasting
 - Level 11.0 Hexes
 - Level 5.7 Summonings
 - Level 22.0 Necromancy
 - Level 16.0 Transmutations
 - Level 9.2 Ice Magic
 - Level 5.8 Evocations


You had one spell level left.
You knew the following spells:

 Your Spells              Type           Power      Damage    Failure   Level
a - Yara's Violent Unrav  Hex/Tmut       49%        3d19      1%          5
b - Infestation           Necr           59%        N/A       1%          8
c - Haunt                 Necr/Summ      49%        N/A       4%          7
d - Animate Dead          Necr           59%        N/A       0%          4
e - Borgnjor's Revivific  Necr           59%        N/A       1%          8
f - Dispel Undead         Necr           100%       3d31      0%          4
g - Simulacrum            Ice/Necr       51%        N/A       1%          6
h - Fulminant Prism       Conj/Hex       34%        3d16      1%          4
i - Invisibility          Hex            45%        N/A       2%          6
j - Blink                 Tloc           N/A        N/A       1%          2
k - Necromutation         Tmut/Necr      56%        N/A       4%          8

Your spell library contained the following spells:

 Spells                   Type           Power      Damage    Failure   Level
 Animate Skeleton         Necr           100%       N/A       0%          1
 Beastly Appendage        Tmut           100%       N/A       0%          1
 Corona                   Hex            100%       N/A       0%          1
 Pain                     Necr           100%       1d9       0%          1
 Apportation              Tloc           72%        N/A       1%          1
 Foxfire                  Conj/Fire      100%       2x1d9     1%          1
 Magic Dart               Conj           100%       1d8       1%          1
 Sting                    Tmut/Pois      100%       1d8       1%          1
 Summon Small Mammal      Summ           100%       N/A       1%          1
 Corpse Rot               Necr/Air       N/A        N/A       0%          2
 Slow                     Hex            90%        N/A       0%          2
 Sublimation of Blood     Necr           59%        N/A       0%          2
 Wereblood                Tmut           100%       N/A       0%          2
 Vampiric Draining        Necr           59%        2d14      0%          3
 Agony                    Necr           100%       N/A       0%          5
 Excruciating Wounds      Necr           59%        N/A       0%          5
 Death Channel            Necr           59%        N/A       0%          6
 Passwall                 Tmut/Erth      65%        N/A       1%          2
 Poisonous Vapours        Pois/Air       72%        N/A       1%          2
 Searing Ray              Conj           72%        3d6       1%          2
 Confusing Touch          Hex            90%        N/A       1%          3
 Dazzling Flash           Conj/Hex       100%       N/A       1%          3
 Ignite Poison            Fire/Tmut/Pois 87%        N/A       1%          3
 Inner Flame              Hex/Fire       88%        N/A       1%          3
 Spider Form              Tmut/Pois      39%        N/A       1%          3
 Summon Guardian Golem    Hex/Summ       80%        N/A       1%          3
 Cause Fear               Hex            45%        N/A       1%          4
 Hailstorm                Conj/Ice       65%        3d14      1%          4
 Ice Form                 Ice/Tmut       95%        N/A       1%          4
 Leda's Liquefaction      Hex/Erth       34%        N/A       1%          4
 Petrify                  Tmut/Erth      79%        N/A       1%          4
 Summon Ice Beast         Ice/Summ       77%        N/A       1%          4
 Alistair's Intoxication  Tmut/Pois      52%        N/A       1%          5
 Borgnjor's Vile Clutch   Necr/Erth      45%        N/A       1%          5
 Irradiate                Conj/Tmut      39%        3d26      1%          5
 Metabolic Englaciation   Hex/Ice        43%        N/A       1%          5
 Summon Mana Viper        Hex/Summ       80%        N/A       1%          5
 Dragon Form              Tmut           52%        N/A       1%          7
 Conjure Flame            Conj/Fire      53%        6-21      4%          3
 Gell's Gravitas          Tloc           18%        N/A       4%          3
 Stone Arrow              Conj/Erth      72%        3d11      4%          3
 Swiftness                Air            36%        N/A       4%          3
 Teleport Other           Tloc           36%        N/A       4%          3
 Silence                  Hex/Air        34%        N/A       4%          5
 Eringya's Noxious Bog    Tmut/Pois      39%        N/A       10%         6
 Statue Form              Tmut/Erth      52%        N/A       10%         6
 Freezing Cloud           Conj/Ice/Air   28%        6-21      14%         5
 Summon Forest            Summ/Tloc      28%        N/A       16%         5
 Iskenderun's Mystic Bla  Conj/Tloc      36%        2d9       19%         4
 Olgreb's Toxic Radiance  Pois           36%        N/A       19%         4
 Passage of Golubria      Tloc           N/A        N/A       19%         4
 Sticky Flame             Conj/Fire      53%        2d7       19%         4
 Death's Door             Necr           59%        N/A       22%         9
 Shadow Creatures         Summ           N/A        N/A       28%         6
 Bolt of Magma            Conj/Fire/Erth 26%        4d12      47%         5
 Fireball                 Conj/Fire      26%        3d12      47%         5
 Iskenderun's Battlesphe  Conj           36%        2d9       47%         5
 Manifold Assault         Tloc           36%        N/A       47%         5
 Storm Form               Tmut/Air       39%        N/A       54%         7
 Discord                  Hex            45%        N/A       83%         8
 Monstrous Menagerie      Summ           35%        N/A       87%         7
 Summon Hydra             Summ           35%        N/A       87%         7
 Conjure Ball Lightning   Conj/Air       18%        3x3d6     97%         6
 Dispersal                Tloc           18%        N/A       97%         6
 Iron Shot                Conj/Erth      18%        9d4       97%         6
 Starburst                Conj/Fire      26%        6d8       97%         6
 Malign Gateway           Summ/Tloc      28%        N/A       99%         7
 Spellforged Servitor     Conj/Summ      28%        N/A       99%         7
 Orb of Destruction       Conj           18%        9d8       100%        7
 Disjunction              Tloc           18%        N/A       100%        8
 Ignition                 Fire           26%        3d9       100%        8
 Lehudib's Crystal Spear  Conj/Erth      18%        10d5      100%        8
 Summon Horrible Things   Summ           35%        N/A       100%        8
 Chain Lightning          Conj/Air       18%        3d24      100%        9
 Dragon's Call            Summ           35%        N/A       100%        9
 Fire Storm               Conj/Fire      26%        8d7       100%        9
 Polar Vortex             Ice            42%        N/A       100%        9
 Shatter                  Erth           18%        3d17*     100%        9


Dungeon Overview and Level Annotations

Branches:
Dungeon (15/15)            Temple (1/1) D:4            Lair (6/6) D:8
  Swamp (4/4) Lair:4       Spider (4/4) Lair:2        Slime (5/5) Lair:6
    Orc (2/2) D:10            Elf (3/3) Orc:2        Vaults (5/5) D:14
  Crypt (3/3) Vaults:3       Tomb (1/3) Crypt:3      Depths (5/5) D:15
    Zot (5/5) Depths:5     Bailey (visited)           IceCv (visited)
Gauntlet (visited)

Altars:
Ashenzari
Cheibriados
Dithmenos
Elyvilon
Fedhas
Gozag
Hepliaklqana
Kikubaaqudgha
Makhleb
Nemelex Xobeh
Okawaru
Qazlal
Ru
Sif Muna
Trog
Uskayaw
Vehumet
Xom
Yredelemnul
Zin
The Shining One
Jiyva
Lugonu

Shops:
D:1 =*   D:12 (   Orc:2 ?*![=   Vaults:4 [   Zot:4 *   Depths:3 ::=

Portals:
Hell: Depths:1 Depths:2 Depths:3 Depths:4 Depths:5
Abyss: Depths:1 Depths:4
Pandemonium: Depths:2 Depths:3 Depths:5
Ziggurat: Depths:4

Annotations:
D:12 exclusion: door
D:14 Roxanne
Lair:3 exclusion: oklob plant
Depths:1 1 runed translucent door
Depths:5 Mennas


Innate Abilities, Weirdness & Mutations

You have hooves in place of feet.
You are completely covered in molten scales. (AC +4, rF+)
A powerful demonic guardian rushes to your aid.
Your magical and physical power is greatly enhanced at high health.
Spells you cast and wands you use may paralyse nearby enemies.
You tend to lose your temper in combat.
You are very clumsy. (Dex -4)
Your body sometimes deteriorates upon taking damage.
You are frail. (-10% HP)
Your magical capacity is low. (-10% MP)
You frequently scream uncontrollably at your foes.
You do not regenerate when monsters are visible.
You are very weak. (Str -4)
You evolve.
Your spells are easier to cast, but less powerful.


Message History

The sun demon is moderately wounded.
The sun demon hits you but does no damage.
You hit the sun demon but do no damage. You kick the sun demon.
The sun demon is moderately wounded.
You closely miss the sun demon. You kick the sun demon!!
The sun demon is severely wounded.
The sun demon closely misses you.
You hit the sun demon but do no damage.
The sun demon is severely wounded.
You impale the sun demon!!
You kill the sun demon!
Kikubaaqudgha accepts your kill.
You see here a +0 short sword.
HP restored.
Aiming: Dig
Press: ? - help, Shift-Dir - straight line A rock wall.
This square is covered in magical glow.
The rock shatters into small pieces.
Malevolent energies surge around you.
Aiming: Dig
Press: ? - help, Shift-Dir - straight line A rock wall.
This square is covered in magical glow.
The rock shatters into small pieces.
Malevolent energies surge around you.
A shadow demon comes into view.
There is a staircase leading out of the dungeon here.
You puncture the shadow demon!
The shadow demon is moderately wounded.
You barely miss the shadow demon.
The shadow demon is moderately wounded.
You puncture the shadow demon!
The shadow demon is severely wounded.
You puncture the shadow demon!
The shadow demon is almost dead.
You block the shadow demon's attack.
A red film seems to cover your vision as you go berserk!
You feel yourself moving faster!
You feel mighty!
You impale the shadow demon!!
You kill the shadow demon!
Kikubaaqudgha accepts your kill.
You have escaped!

......#.# ##.##.#.# #......# #..
###...#.# ##.#.#.# #......# #..
#...#.# ##....# #......# #..
#...#.# ###..## #......# #.#
#...#.# #.....###......# #.#
#...#†# ####.8....##......###.#
#...#.# #§§§.......#...........
#...#.# #§§≈≈.........#######.#
###...#.# #>§§§§@8..8...#...# #.#
......#.# #§§≈§§..........#.###.#
......#.# #≈≈§§§.......#..P..##.#
#######.######.8......#P..♣♣....#
.........# #.........P♣♣♣.P♣...
########## ####....P♣P♣♣♣♣♣.♣..
##..♣.P♣.♣♣ ♣P.##
#...PP..P♣.♣.### ##.....PP..###


There were no monsters in sight!

Vanquished Creatures
  the Royal Jelly (Slime:5)
  5 dread liches
  An ancient lich (Vaults:5)
  6 orbs of fire
  3 royal mummies (Tomb:1)
  Margery (Vaults:3)
  A Killer Klown (Zot:5)
  2 curse toes (Zot:4)
  2 caustic shrikes (Depths:2)
  5 golden dragons
  A bone dragon (Crypt:3)
  2 electric golems
  A Brimstone Fiend (D:6)
  Jorgrun (D:14)
  16 tentacled monstrosities
  2 deep elf blademasters (Elf:3)
  4 quicksilver dragons
  6 liches
  A sphinx (shapeshifter) (Vaults:5)
  18 Orb Guardians
  10 titans
  17 acid blobs
  An acid blob (shapeshifter) (Vaults:5)
  12 sphinxes
  6 storm dragons
  8 ancient champions
  A death cob (Zot:2)
  7 shadow dragons
  A thorn hunter (Swamp:2)
  The ghost of McKennaii the Scorcher, an adept DgCj (Elf:1)
  2 azure jellies (shapeshifter)
  5 tentacled starspawn
  7 tengu reavers
  6 azure jellies
  Kirke (D:15)
  8 fire giants
  4 draconian monks
  4 draconian knights
  6 rockslimes
  A revenant (Crypt:3)
  8 deep elf sorcerers
  A balrug (Depths:5)
  The ghost of Kaptain the Earth Mage, an adept GrEE (Swamp:2)
  10 frost giants
  3 draconian scorchers
  7 ghouls
  17 vault wardens
  5 draconian shifters
  5 ghost moths
  4 emperor scorpions (Spider:4)
  A cacodemon (D:8)
  3 orc warlords
  2 iron dragons (Vaults:5)
  4 draconian annihilators
  3 curse skulls
  A spriggan defender (Depths:1)
  A draconian stormcaller (Zot:5)
  2 deep elf elementalists (Elf:3)
  10 quicksilver oozes
  A caustic shrike skeleton (Crypt:1)
  Aizul (Spider:4)
  2 reapers
  18 ironbound preservers
  3 bennus (Tomb:1)
  16 stone giants
  Nessos (D:14)
  35 very ugly things
  An entropy weaver (shapeshifter) (Depths:5)
  7 deep elf annihilators
  4 entropy weavers
  7 green draconians
  10 vampire knights
  8 white draconians
  5 deep elf demonologists
  6 purple draconians
  8 red draconians
  10 dire elephants
  3 black draconians
  A bunyip (Swamp:4)
  4 yellow draconians
  2 starcursed masses
  5 eleionomae
  4 spark wasps
  8 eidola
  8 deep elf death magi
  9 ettins
  14 fire dragons
  4 jiangshi (Crypt:2)
  A quicksilver dragon zombie (Crypt:1)
  5 deep elf high priests
  11 yaktaur captains
  Snorg (D:13)
  18 great orbs of eyes
  33 vault guards
  7 hydras
  5 rakshasas
  A quicksilver dragon skeleton (Crypt:3)
  13 ice dragons
  Harold (Orc:1)
  A catoblepas (Lair:5)
  11 ironbound thunderhulks
  5 spriggan air magi
  9 boulder beetles
  12 ironbound frosthearts
  4 ogre magi (Vaults:5)
  3 death knights
  6 centaur warriors
  8 alligators
  5 two-headed ogres
  Erica (Lair:2)
  11 death scarabs
  8 tengu warriors
  4 deep troll earth magi
  5 ironbound beastmasters
  4 deep troll shamans
  34 dancing weapons
  7 death yaks
  7 spriggan berserkers
  7 vampire magi
  An orc high priest (Orc:2)
  A titan zombie (Crypt:1)
  5 thrashing horrors
  Urug (D:13)
  9 hell knights
  4 soul eaters
  2 sun demons
  5 iron trolls
  A storm dragon zombie (Crypt:2)
  3 sixfirhies
  6 goliath frogs
  29 skeletal warriors
  9 shadow wraiths
  23 deep elf knights
  2 spark wasp zombies
  8 wretched stars
  A salamander mystic (Depths:5)
  2 spatial maelstroms (Abyss:3)
  6 glowing orange brains
  3 anaconda zombies (Crypt:2)
  6 flayed ghosts
  56 deep trolls
  3 swamp dragons
  5 bog bodies
  3 spriggan druids
  The ghost of gildax the Thaumaturge, a novice DjAE of Gozag (D:6)
  9 large abominations
  A shadow demon (D:1)
  A spectral hydra (Gauntlet)
  15 deep elf archers
  An orange crystal statue (Vaults:2)
  15 phantasmal warriors
  4 lindwurms
  15 necromancers
  13 wizards
  35 deep elf zephyrmancers
  9 orb spiders
  11 orc knights
  A lindwurm (shapeshifter) (Vaults:5)
  An anaconda skeleton (Crypt:2)
  11 ironbound convokers
  A wolf spider zombie (D:14)
  8 orc sorcerers
  A sphinx zombie (Crypt:3)
  35 deep elf pyromancers
  65 ugly things
  3 harpies (Vaults:1)
  A moth of wrath (shapeshifter) (Vaults:5)
  A shadow dragon skeleton (Crypt:2)
  25 wolf spiders
  2 manticores
  6 will-o-the-wisps
  20 moths of wrath
  2 salamanders (Depths:5)
  13 elephants
  The ghost of ANNNA the Magician, a novice DEFE (D:5)
  An apocalypse crab (Abyss:3)
  A guardian serpent (shapeshifter) (D:13)
  6 cyclopes
  A naga mage (Vaults:1)
  3 frost giant skeletons
  8 black mambas
  2 eyes of devastation
  A rust devil (Depths:5)
  4 smoke demons (Abyss:3)
  3 fire giant skeletons
  10 cane toads
  10 vault sentinels
  3 molten gargoyles (Lair:6)
  2 orange demons
  2 unseen horrors (D:12)
  A gargoyle (D:11)
  Psyche (D:9)
  19 freezing wraiths
  9 demonic crawlers
  9 komodo dragons
  2 unseen horrors (shapeshifter)
  An anaconda simulacrum (Crypt:2)
  3 rime drakes
  A purple draconian zombie (Crypt:1)
  24 yaktaurs
  2 kobold demonologists
  A green draconian skeleton (Crypt:2)
  8 tengu conjurers
  3 ice devils
  2 efreet
  A death yak skeleton (Crypt:1)
  2 ancient zymes (Abyss:3)
  2 golden dragon simulacra (Crypt:2)
  A yaktaur skeleton (Vaults:2)
  A harpy zombie (Crypt:2)
  6 tyrant leeches
  A catoblepas skeleton (Crypt:2)
  6 meliai
  2 shadow dragon simulacra (Crypt:2)
  25 jumping spiders
  2 hydra zombies
  A meliai (shapeshifter) (Depths:4)
  9 guardian mummies
  6 trolls
  A wolf spider simulacrum (Crypt:2)
  A hornet (shapeshifter) (D:13)
  Prince Ribbit (D:6)
  14 hornets
  A slime creature (shapeshifter) (Depths:3)
  14 polar bears
  16 blink frogs
  3 ettin zombies
  10 raiju (Abyss:3)
  A spectral dream sheep (Gauntlet)
  A tarantella zombie (Crypt:2)
  66 slime creatures
  3 fire giant simulacra (Crypt:2)
  A fire dragon zombie (Crypt:2)
  A meliai zombie (D:10)
  A dream sheep (shapeshifter) (Depths:2)
  A frost giant simulacrum (Crypt:2)
  7 dream sheep (Lair:5)
  A deep troll skeleton (Depths:1)
  4 stone giant simulacra (Crypt:2)
  16 tarantellas
  2 iron dragon simulacra
  A spriggan skeleton (Depths:1)
  13 spriggans
  A fire dragon skeleton (Tomb:1)
  23 flying skulls
  4 air elementals
  A centaur simulacrum (Gauntlet)
  An ice dragon skeleton (Crypt:2)
  A spriggan (shapeshifter) (Elf:3)
  A wyvern (shapeshifter) (Abyss:3)
  3 ynoxinuls (Abyss:3)
  9 wraiths
  61 redbacks
  12 wyverns
  2 ushabtiu (Tomb:1)
  3 hogs (D:15)
  72 yaks
  6 water elementals
  3 shadows
  Eustachio (D:5)
  6 golden eyes
  A fire elemental (Elf:2)
  2 humans (D:15)
  4 steam dragons
  5 basilisks
  A death yak simulacrum (Lair:6)
  An emperor scorpion simulacrum (Crypt:2)
  22 vampire mosquitoes
  A chaos spawn (Abyss:3)
  A neqoxec (Abyss:3)
  7 small abominations (Abyss:3)
  10 swamp worms
  4 wargs
  A naga (Abyss:3)
  A torturous demonspawn zombie (Crypt:2)
  A catoblepas simulacrum (Crypt:2)
  18 water moccasins
  A two-headed ogre zombie (Crypt:1)
  A floating eye (Depths:1)
  5 hell hounds (Lair:6)
  A torturous demonspawn skeleton (Crypt:1)
  23 orc warriors
  A monstrous demonspawn skeleton (Crypt:1)
  A sky beast (D:5)
  2 hornet zombies
  2 swamp drakes
  A meliai simulacrum (Gauntlet)
  An ice beast (D:5)
  3 black bears
  4 necrophages
  A black mamba simulacrum (Crypt:2)
  A manticore zombie (Crypt:2)
  3 boggarts (D:15)
  An ogre (shapeshifter) (D:15)
  7 ogres
  30 wolves
  A snapping turtle skeleton (Crypt:1)
  7 centaurs
  5 kobold brigands
  A salamander zombie (Crypt:2)
  Blork the orc (D:3)
  14 bullfrogs
  2 bullfrogs (shapeshifter)
  7 gnoll sergeants (Bailey)
  A cane toad simulacrum (Gauntlet)
  A cyclops skeleton (Crypt:3)
  A polar bear zombie (Crypt:2)
  A snapping turtle simulacrum (Crypt:2)
  2 elephant simulacra (Lair:6)
  20 killer bees
  A raiju skeleton (Crypt:2)
  4 wights (D:7)
  A howler monkey (D:8)
  A crimson imp (D:6)
  5 lava snakes (Lair:6)
  A quasit (Abyss:3)
  5 centaur zombies
  2 iron imps (Abyss:3)
  3 jellies (Lair:6)
  22 orc priests
  8 hounds
  6 gnoll shamans (Bailey)
  4 iguanas
  A human skeleton (Crypt:1)
  31 orc wizards
  2 hell rats (D:8)
  A wolf simulacrum (Lair:6)
  An acid dragon zombie (Crypt:1)
  A tengu zombie (Abyss:3)
  14 mummies
  14 gnolls (Bailey)
  3 adders
  A howler monkey skeleton (Crypt:3)
  A naga simulacrum (Crypt:2)
  2 river rats (D:8)
  A shadow imp (D:7)
  5 white imps
  3 ufetubi
  An adder skeleton (D:4)
  A worm (D:3)
  5 dart slugs
  62 orcs
  2 ball pythons
  3 bats
  4 endoplasms
  4 giant cockroaches
  5 goblins
  6 hobgoblins
  3 jackals (D:4)
  4 quokkas
  7 frilled lizards
  A jackal skeleton (D:2)
  14 kobolds
  An orc skeleton (Crypt:3)
  5 rats
  A river rat skeleton (Crypt:1)
  A bush (Depths:1)
  2 fulminant prisms (Elf:3)
  A lurking horror (Depths:3)
  A starspawn tentacle (Abyss:3)
2358 creatures vanquished.

Vanquished Creatures (collateral kills)
  An ancient lich (Zot:5)
  2 orbs of fire (Zot:5)
  Mara (Depths:1)
  A royal mummy (Tomb:1)
  2 Killer Klowns
  Frederick (Crypt:2)
  3 golden dragons
  A bone dragon (Zot:1)
  2 hellephants (Abyss:3)
  2 liches
  3 tentacled monstrosities (Depths:3)
  An electric golem (Zot:5)
  Rupert (Lair:4)
  6 Orb Guardians (Zot:5)
  A titan (Depths:1)
  A death cob (Zot:5)
  7 acid blobs
  Frances (D:13)
  A thorn hunter (Swamp:4)
  Agnes (Spider:1)
  3 storm dragons
  2 tengu reavers
  A shadow dragon (Zot:5)
  A tentacled starspawn (Abyss:3)
  Louise (D:14)
  5 fire giants
  5 azure jellies (Slime:5)
  2 rockslimes (Slime:5)
  3 vault wardens
  2 deep elf sorcerers (Elf:3)
  A draconian annihilator (Zot:2)
  An orc warlord (Vaults:3)
  A cacodemon (Depths:5)
  3 ghouls (Crypt:2)
  A draconian shifter (Zot:2)
  A spriggan defender (Depths:5)
  2 ironbound preservers
  4 quicksilver oozes (Slime:5)
  A deep elf elementalist (Depths:2)
  3 stone giants
  A reaper (Crypt:2)
  2 very ugly things
  A bennu (Tomb:1)
  3 black draconians (Zot:4)
  A vampire knight (Crypt:3)
  3 green draconians (Zot:5)
  A deep elf annihilator (Elf:3)
  An entropy weaver (Depths:2)
  2 white draconians
  2 bunyips
  5 yellow draconians
  4 dire elephants
  2 purple draconians
  A minotaur (Gauntlet)
  A spark wasp (Spider:4)
  3 ettins
  2 deep elf death magi (Elf:3)
  A mummy priest (Tomb:1)
  5 fire dragons
  A shambling mangrove (Swamp:4)
  An eleionoma (Swamp:2)
  2 yaktaur captains
  3 great orbs of eyes
  3 deep elf high priests
  2 ice dragons
  A spriggan air mage (Depths:3)
  15 hydras
  3 ironbound frosthearts
  A death knight (Crypt:2)
  2 alligators
  2 ghost crabs (Swamp:2)
  A tengu warrior (Depths:5)
  A titan zombie (Crypt:1)
  4 death scarabs
  2 deep troll shamans (Depths:4)
  2 deep troll earth magi
  3 vampire magi
  A deep elf knight (Elf:3)
  4 thrashing horrors (Depths:3)
  2 soul eaters (Crypt:2)
  2 spriggan berserkers
  10 hell knights
  3 iron trolls
  A skeletal warrior (Crypt:3)
  A spriggan druid (Swamp:4)
  3 wretched stars (Abyss:3)
  10 deep trolls
  3 flayed ghosts
  12 swamp dragons
  A bog body (Crypt:2)
  A deep elf archer (Elf:1)
  4 orc knights
  2 phantasmal warriors (Crypt:2)
  A wizard (D:15)
  A glowing orange brain (Depths:3)
  An ironbound convoker (Vaults:1)
  6 orb spiders
  4 ugly things
  A will-o-the-wisp (Swamp:2)
  2 deep elf pyromancers
  3 wolf spiders
  2 moths of wrath
  3 shining eyes
  An elephant (Abyss:3)
  An ice statue (IceCv)
  A torpor snail (Lair:6)
  A smoke demon (Depths:5)
  An eye of devastation (Depths:4)
  2 demonic crawlers (Spider:4)
  A yaktaur zombie (Vaults:2)
  3 yaktaurs
  2 tengu conjurers (Depths:2)
  A guardian mummy (Tomb:1)
  An ice devil (Depths:5)
  A red devil (Depths:5)
  4 jumping spiders
  4 hornets
  A polar bear (shapeshifter) (Depths:2)
  2 blink frogs (Lair:1)
  5 tyrant leeches
  3 raiju (Abyss:3)
  7 slime creatures
  A spectral dream sheep (Gauntlet)
  2 flying skulls
  An ettin zombie (Vaults:2)
  6 spriggans
  An air elemental (Elf:3)
  3 tarantellas (Spider:4)
  5 redbacks
  A shadow (D:6)
  2 yaks (Lair:6)
  2 neqoxecs
  A vampire mosquito (D:15)
  6 spatial vortices (Abyss:3)
  3 swamp worms
  6 swamp drakes (Swamp:4)
  3 orc warriors
  A lindwurm zombie (Crypt:3)
  An ice dragon simulacrum (Crypt:2)
  7 starcursed masses
  A wolf (shapeshifter) (Elf:3)
  A centaur (D:8)
  2 small abominations (Abyss:3)
  A bullfrog (Lair:4)
  A gnoll sergeant (Bailey)
  A bullfrog zombie (D:6)
  A mummy (D:14)
  A worm zombie (Crypt:2)
  6 orcs
  A starspawn tentacle (Abyss:3)
366 creatures vanquished.

Vanquished Creatures (others)
  An Orb Guardian (Zot:5)
  A lich (Depths:1)
  A fire giant (Depths:1)
  A deep elf high priest (Elf:3)
  A hydra (Swamp:2)
  A centaur warrior (Vaults:1)
  2 dancing weapons
  A deep elf knight (Elf:1)
  A goliath frog (Swamp:2)
  A glowing orange brain (Depths:1)
  A wizard (Vaults:3)
  An orc knight (Vaults:1)
  A deep elf pyromancer (Elf:1)
  3 deep elf zephyrmancers (Elf:1)
  A moth of wrath (Zot:5)
  A black mamba (Lair:6)
  A smoke demon (Depths:5)
  A redback zombie (D:14)
  A hornet (Depths:3)
  A raiju (Abyss:3)
  A human (D:15)
  A floating eye (Depths:1)
  An ogre (D:4)
  2 wolves (Lair:6)
  A scorpion (D:4)
  A small abomination (Abyss:3)
  An iguana (D:4)
  An ufetubus (D:4)
  A dart slug (D:4)
  An orc (Orc:1)
  An endoplasm (D:4)
  2 hobgoblins (D:4)
  A ball python (D:4)
  2 kobolds (D:4)
  A briar patch (Swamp:4)
  A butterfly (Depths:5)
  42 foxfires
  74 fulminant prisms
  33 fungi
  A lurking horror (Depths:3)
  62 plants
  14 starspawn tentacles (Abyss:3)
  15 withered plants
283 creatures vanquished.

Grand Total: 3007 creatures vanquished

Notes
Turn   | Place    | Note
-------+----------+-------------------------------------------
     0 | D:1      | Hortimo the Demonspawn Necromancer began the quest for the
                  | Orb.
     0 | D:1      | Reached XP level 1. HP: 13/13 MP: 3/3
    51 | D:1      | You fall into a shaft and drop 1 floor!
   111 | D:2      | Learned a level 1 spell: Animate Skeleton
   968 | D:2      | Gained mutation: You have large cloven feet. [demonic
                  | ancestry]
   968 | D:2      | Reached XP level 2. HP: 15/19 MP: 0/5
   977 | D:2      | Reached skill level 5 in Necromancy
  1442 | D:1      | Found Leodgh's Jewellery Emporium.
  1883 | D:1      | Found Xoasun's General Store.
  1891 | D:1      | Bought a potion of brilliance for 52 gold pieces
  2102 | D:1      | Gained mutation: Spells you cast may paralyse adjacent
                  | enemies. [demonic ancestry]
  2102 | D:1      | Reached XP level 3. HP: 19/24 MP: 2/6
  2169 | D:1      | Found a faded altar of an unknown god.
  2173 | D:1      | Became a worshipper of Xom of Chaos
  2233 | D:1      | XOM: silly message
  2412 | D:1      | Learned a level 3 spell: Vampiric Draining
  2660 | D:1      | XOM: give mutations
  2660 | D:1      | Gained mutation: You are dopey. (Int -2) [Xom's mischief]
  2660 | D:1      | Lost mutation: You are dopey. (Int -2) [Xom's mischief]
  2660 | D:1      | Gained mutation: You sometimes lose the ability to read
                  | scrolls when taking damage. [Xom's mischief]
  2660 | D:1      | Gained mutation: You have sharp fingernails. [Xom's
                  | mischief]
  2733 | D:1      | XOM: noise
  2738 | D:1      | XOM: give mutations
  2738 | D:1      | Gained mutation: Your mind is acute. (Int +2) [Xom's
                  | mischief]
  2738 | D:1      | Lost mutation: Your mind is acute. (Int +2) [Xom's
                  | mischief]
  2738 | D:1      | Gained mutation: Your body sometimes deteriorates upon
                  | taking damage. [Xom's mischief]
  2951 | D:1      | XOM: summons 2 hostile demons
  2952 | D:1      | Noticed an orange demon
  2952 | D:1      | Noticed a sixfirhy
  3097 | D:3      | XOM: 12-stop teleportation journey
  3152 | D:3      | XOM: stat loss: -1 Dex (12/13)
  3487 | D:3      | XOM: 8-stop teleportation journey
  3580 | D:4      | Killed a scorpion
  3597 | D:4      | XOM: silly message
  3598 | D:4      | Reached skill level 6 in Necromancy
  3599 | D:4      | Reached XP level 4. HP: 23/30 MP: 1/7
  3675 | D:3      | XOM: stat loss: -1 Str (7/8)
  3692 | D:3      | Reached skill level 7 in Necromancy
  3692 | D:3      | Gained mutation: You have hoof-like feet. [demonic
                  | ancestry]
  3692 | D:3      | Reached XP level 5. HP: 34/35 MP: 0/8
  3775 | D:4      | Noticed an ogre
  3903 | D:4      | Killed an ogre
  3988 | D:4      | Found a staircase to the Ecumenical Temple.
  4030 | Temple   | XOM: stealth player
  4030 | Temple   | Entered the Ecumenical Temple
  4238 | Temple   | Fell from the grace of Xom
  4238 | Temple   | Became a worshipper of Kikubaaqudgha
  4332 | D:4      | XOM: polymorph hobgoblin -> ball python
  4333 | D:4      | Noticed Blork the orc
  4354 | D:4      | XOM: blink monster(s)
  4366 | D:3      | Killed Blork the orc
  4596 | D:4      | XOM: give mutations
  4596 | D:4      | Gained mutation: You are weak. (Str -2) [Xom's mischief]
  4596 | D:4      | Gained mutation: You are clumsy. (Dex -2) [Xom's mischief]
  4596 | D:4      | Gained mutation: You are very weak. (Str -4) [Xom's
                  | mischief]
  4653 | D:4      | Reached skill level 8 in Necromancy
  4793 | D:4      | Reached XP level 6. HP: 25/41 MP: 2/9
  5095 | D:4      | Learned a level 4 spell: Animate Dead
  5187 | D:4      | XOM: noise
  5224 | D:4      | Found a shimmering altar of Xom.
  5408 | D:5      | Entered Level 5 of the Dungeon
  5453 | D:5      | Noticed an ice beast
  5467 | D:5      | Reached skill level 1 in Fighting
  5498 | D:5      | Noticed ANNNA's ghost (novice DEFE)
  5502 | D:5      | Found a runed translucent door.
  5578 | D:5      | Noticed a sky beast
  5600 | D:5      | Killed a sky beast
  5601 | D:5      | Gained mutation: A weak demonic guardian rushes to your
                  | aid. [demonic ancestry]
  5601 | D:5      | Reached XP level 7. HP: 45/49 MP: 10/10
  5732 | D:5      | XOM: divination: detect creatures
  6037 | D:5      | Found a radiant altar of Vehumet.
  6538 | D:6      | Noticed a shadow
  6555 | D:6      | Noticed Eustachio
  6564 | D:5      | Reached skill level 9 in Necromancy
  6572 | D:5      | Killed Eustachio
  6612 | D:6      | Noticed Prince Ribbit
  6617 | D:5      | XOM: chaos cloud
  6704 | D:5      | XOM: give mutation
  6704 | D:5      | Lost mutation: You have sharp fingernails. [Xom's mischief]
  6749 | D:6      | Killed Prince Ribbit
  6749 | D:6      | Reached * piety under Kikubaaqudgha
  6749 | D:6      | Received a gift from Kikubaaqudgha
  6750 | D:6      | Reached skill level 5 in Fighting
  6750 | D:6      | Gained mutation: Spells you cast may paralyse nearby
                  | enemies. [demonic ancestry]
  6750 | D:6      | Reached XP level 8. HP: 55/64 MP: 12/12
  6753 | D:6      | Learned a level 2 spell: Corpse Rot
  6950 | D:6      | XOM: give mutations
  6950 | D:6      | Gained mutation: You occasionally shout uncontrollably at
                  | your foes. [Xom's mischief]
  6950 | D:6      | Gained mutation: You are very clumsy. (Dex -4) [Xom's
                  | mischief]
  6950 | D:6      | Lost mutation: You are very weak. (Str -4) [Xom's mischief]
  7019 | D:6      | Identified the +4 short sword "Quuwicef" {drain, *Noise
                  | rCorr SInv}
  7071 | D:6      | Noticed Grinder
  7203 | D:6      | Found a shadowy altar of Dithmenos.
  7300 | D:6      | XOM: stat loss: -1 Str (6/7)
  7409 | D:6      | Paralysed by Grinder for 6 turns
  7421 | D:6      | Noticed Grinder
  7421 | D:6      | Grinder changed into Grinder the crimson imp
  7561 | D:5      | XOM: cloud trail
  7610 | D:5      | Reached skill level 10 in Necromancy
  7856 | D:7      | Noticed a hornet
  7863 | D:7      | Killed a hornet
  7935 | D:7      | XOM: noise
  7944 | D:7      | Reached XP level 9. HP: 65/72 MP: 13/13
  8094 | D:7      | Reached skill level 1 in Short Blades
  8108 | D:7      | Reached skill level 11 in Necromancy
  8376 | D:7      | XOM: noise
  8505 | D:8      | Noticed a two-headed ogre
  8527 | D:8      | Killed a two-headed ogre
  8838 | D:8      | Reached XP level 10. HP: 72/79 MP: 6/14
  8956 | D:8      | Found a flagged portal.
  8960 | Bailey   | Entered a bailey
  9060 | Bailey   | Reached ** piety under Kikubaaqudgha
  9836 | D:8      | You fall into a shaft and drop 1 floor!
 10050 | D:9      | Noticed Psyche
 10148 | D:9      | Killed Psyche
 10149 | D:9      | XOM: 2-stop teleportation journey
 10610 | D:9      | XOM: noise
 10611 | D:9      | Found a burning altar of Makhleb.
 10694 | D:9      | Reached *** piety under Kikubaaqudgha
 10694 | D:9      | Received a gift from Kikubaaqudgha
 10703 | D:9      | Learned a level 4 spell: Dispel Undead
 10965 | D:10     | Entered Level 10 of the Dungeon
 11019 | D:10     | Found a staircase to the Orcish Mines.
 11024 | D:10     | Noticed a two-headed ogre
 11050 | D:10     | Killed a two-headed ogre
 11051 | D:10     | Reached skill level 5 in Stealth
 11326 | D:10     | XOM: noise
 11473 | D:10     | Gained mutation: A demonic guardian rushes to your aid.
                  | [demonic ancestry]
 11473 | D:10     | Reached XP level 11. HP: 83/85 MP: 15/15
 11480 | D:10     | Reached skill level 1 in Ice Magic
 11606 | D:10     | Identified 2 scrolls of acquirement
 11606 | D:10     | Was forgiven by Xom
 11607 | D:10     | Acquired the +8 quick blade of Indomitability {vorpal,
                  | rElec rF+ Int+3}
 11609 | D:10     | Acquired 546 gold pieces
 11621 | D:10     | Found a sacrificial altar of Ru.
 12218 | D:11     | Noticed a brown ugly thing
 12229 | D:11     | Killed a brown ugly thing
 13127 | D:11     | Noticed a four-headed hydra
 13288 | D:12     | Noticed a deep elf pyromancer
 13449 | D:12     | Reached skill level 5 in Ice Magic
 13653 | D:12     | Noticed a purple ugly thing
 13697 | D:12     | Killed a purple ugly thing
 14040 | D:7      | Reached **** piety under Kikubaaqudgha
 14041 | D:7      | Reached skill level 1 in Evocations
 14224 | D:6      | Killed Grinder the crimson imp
 14233 | D:6      | You fall into a shaft and drop 2 floors!
 14345 | D:6      | Identified the ring of Modesty {Wiz rC+ rN+ Str-3 Dex+3}
 14360 | D:6      | Found a runed translucent gate.
 14360 | D:6      | Found a runed translucent gate.
 14360 | D:6      | Found a runed translucent gate.
 14361 | D:6      | Noticed gildax's ghost (novice DjAE)
 14368 | D:6      | Killed gildax's ghost
 14568 | D:1      | Bought a condenser vane for 520 gold pieces
 14568 | D:1      | Bought a potion of mutation for 104 gold pieces
 14568 | D:1      | Lost mutation: You are very clumsy. (Dex -4) [potion of
                  | mutation]
 14568 | D:1      | Lost mutation: You are clumsy. (Dex -2) [potion of
                  | mutation]
 14568 | D:1      | Gained mutation: Your spells are a little easier to cast,
                  | but a little less powerful. [potion of mutation]
 14568 | D:1      | Lost mutation: Your spells are a little easier to cast, but
                  | a little less powerful. [potion of mutation]
 14722 | D:5      | Killed ANNNA's ghost
 14900 | D:11     | Killed a four-headed hydra
 15077 | D:11     | Found a shimmering blue altar of Sif Muna.
 15159 | D:12     | Reached skill level 5 in Evocations
 15421 | D:12     | Found Naofeunap's Weapon Shop.
 15602 | D:12     | Noticed a boulder beetle
 15877 | D:12     | Noticed a boulder beetle
 15884 | D:12     | Killed a boulder beetle
 15885 | D:12     | Gained mutation: You have hooves in place of feet. [demonic
                  | ancestry]
 15885 | D:12     | Reached XP level 12. HP: 92/92 MP: 16/16
 16104 | D:8      | Reached skill level 5 in Dodging
 16111 | D:8      | Noticed a death yak
 16111 | D:8      | Noticed a death yak
 16112 | D:8      | Noticed a death yak
 16336 | D:8      | Found a staircase to the Lair.
 16690 | Lair:1   | Entered Level 1 of the Lair of Beasts
 16912 | Lair:1   | Noticed a five-headed hydra
 16920 | Lair:1   | Killed a five-headed hydra
 17554 | Lair:1   | Reached skill level 5 in Spellcasting
 17686 | Lair:1   | Noticed a seven-headed hydra
 17761 | Lair:1   | Killed a seven-headed hydra
 18223 | Lair:2   | Found the +6 lightning scales {swift, rElec}
 18743 | Lair:2   | Noticed Erica
 18753 | Lair:2   | Killed Erica
 19224 | Lair:2   | Found a hole to the Spider Nest.
 19515 | Lair:3   | Learned a level 6 spell: Simulacrum
 19581 | Lair:3   | Noticed a death yak
 19582 | Lair:3   | Noticed a death yak
 19582 | Lair:3   | Noticed a death yak
 19590 | Lair:3   | Noticed a death yak
 19606 | Lair:3   | Killed a death yak
 19611 | Lair:3   | Killed a death yak
 19611 | Lair:3   | Reached ***** piety under Kikubaaqudgha
 19611 | Lair:3   | Killed a death yak
 19612 | Lair:3   | Reached XP level 13. HP: 84/99 MP: 8/23
 19680 | Lair:3   | Found a gate leading to a gauntlet.
 19690 | Gauntlet | Entered a Gauntlet
 19690 | Gauntlet | Found a transporter.
 19690 | Gauntlet | Found a transporter.
 19690 | Gauntlet | Found a transporter.
 19694 | Gauntlet | Found a transporter.
 19694 | Gauntlet | Found a transporter.
 19694 | Gauntlet | Found a transporter.
 19705 | Gauntlet | Found a transporter.
 19707 | Gauntlet | Found a transporter.
 19709 | Gauntlet | Found a transporter.
 19709 | Gauntlet | Found a transporter.
 19711 | Gauntlet | Found a large runed translucent door.
 19712 | Gauntlet | Found a large runed translucent door.
 19713 | Gauntlet | Found a large runed translucent door.
 19713 | Gauntlet | Found a large runed translucent door.
 19713 | Gauntlet | Found a runed translucent door.
 19714 | Gauntlet | Found a large runed translucent door.
 19714 | Gauntlet | Found the amulet of Vitality {Regen+ HP+15}
 19716 | Gauntlet | Found a large runed translucent door.
 19716 | Gauntlet | Found a large runed translucent door.
 19716 | Gauntlet | Found a large runed translucent door.
 19717 | Gauntlet | Found a runed translucent gate.
 19718 | Gauntlet | Found a runed translucent gate.
 19719 | Gauntlet | Found a transporter.
 19719 | Gauntlet | Found a runed translucent door.
 19719 | Gauntlet | Found a runed translucent gate.
 19723 | Gauntlet | Found a transporter.
 19730 | Gauntlet | Found a large runed translucent door.
 19730 | Gauntlet | Found a large runed translucent door.
 19731 | Gauntlet | Found a large runed translucent door.
 19732 | Gauntlet | Found a large runed translucent door.
 19876 | Gauntlet | Found a large runed translucent door.
 19877 | Gauntlet | Found a large runed translucent door.
 19890 | Gauntlet | Found a large runed translucent door.
 19890 | Gauntlet | Found a large runed translucent door.
 19969 | Gauntlet | Identified the ring "Weof" {Fire Will++ Int+3 Dex+2}
 19976 | Gauntlet | Learned a level 4 spell: Fulminant Prism
 19982 | Gauntlet | Noticed a minotaur
 19992 | Gauntlet | Killed a minotaur
 19993 | Gauntlet | Reached skill level 1 in Hexes
 20029 | Gauntlet | Identified the +4 battleaxe of Dooczom {elec, rC++}
 20799 | Lair:3   | Reached skill level 5 in Hexes
 21215 | Lair:3   | Found a shadowy altar of Dithmenos.
 21593 | Lair:4   | Noticed Rupert
 21614 | Lair:4   | Killed Rupert
 21938 | Lair:4   | Acquired the +2 hat of the Guild-Master {Str+2 Int+3}
 22081 | Lair:4   | Found a staircase to the Swamp.
 22841 | Lair:5   | Gained mutation: You are partially covered in molten
                  | scales. (AC +2) [demonic ancestry]
 22841 | Lair:5   | Reached XP level 14. HP: 106/106 MP: 27/27
 22850 | Lair:5   | Learned a level 6 spell: Invisibility
 23301 | Lair:5   | Reached skill level 1 in Shields
 23650 | Lair:6   | Entered Level 6 of the Lair of Beasts
 23816 | Lair:6   | Found a frozen archway.
 23828 | IceCv    | Entered an ice cave
 24019 | IceCv    | Reached skill level 10 in Hexes
 24431 | IceCv    | Got the Catalogue of the Compass and Conjuration
 24436 | IceCv    | Identified the +8 hunting sling of Cataclysm {freeze,
                  | +Blink rN+ Str+3}
 24860 | Lair:6   | Found a staircase to the Slime Pits.
 24986 | Lair:6   | Reached ****** piety under Kikubaaqudgha
 25554 | Lair:6   | Reached skill level 5 in Shields
 25882 | Lair:6   | Reached skill level 10 in Spellcasting
 26034 | Lair:6   | Found a large runed translucent door.
 26035 | Lair:6   | Found a large runed translucent door.
 26395 | Lair:6   | Learned a level 2 spell: Blink
 26701 | Orc:1    | Entered Level 1 of the Orcish Mines
 26702 | Orc:1    | Noticed Harold
 26725 | Orc:1    | Killed Harold
 26726 | Orc:1    | Gained mutation: You are mostly covered in molten scales.
                  | (AC +3) [demonic ancestry]
 26726 | Orc:1    | Reached XP level 15. HP: 108/112 MP: 18/29
 26952 | Orc:2    | Entered Level 2 of the Orcish Mines
 27227 | Orc:2    | Found a staircase to the Elven Halls.
 27237 | Orc:2    | Found Qupsetiu's Jewellery Boutique.
 27623 | Orc:2    | Gained mutation: Your spells are a little easier to cast,
                  | but a little less powerful. [mutagenic glow]
 27760 | Orc:2    | Found Jifoen's Assorted Antiques.
 27760 | Orc:2    | Found Kyap's Magic Scroll Shop.
 27760 | Orc:2    | Found Fezaovid's Distillery.
 27778 | Orc:2    | Found Sioq Mypi's Armour Boutique.
 27799 | Orc:2    | Bought the +4 skin of Zhor {*Englaciate rC+++ SInv} for 864
                  | gold pieces
 27799 | Orc:2    | Found the +4 skin of Zhor {*Englaciate rC+++ SInv}
 27840 | Orc:2    | Bought a +1 cloak of preservation for 214 gold pieces
 27848 | Orc:2    | Bought 2 murky emerald potions for 63 gold pieces
 27848 | Orc:2    | Bought a scroll of enchant armour for 262 gold pieces
 27857 | Orc:2    | Bought a scroll of teleportation for 36 gold pieces
 27857 | Orc:2    | Bought a scroll of fear for 42 gold pieces
 27857 | Orc:2    | Bought a scroll of fear for 42 gold pieces
 27857 | Orc:2    | Bought a scroll of fear for 42 gold pieces
 27858 | Orc:2    | Bought a potion of cancellation for 144 gold pieces
 27858 | Orc:2    | Bought a potion of heal wounds for 90 gold pieces
 27858 | Orc:2    | Bought a potion of heal wounds for 90 gold pieces
 28617 | D:13     | Noticed Snorg
 28645 | D:13     | Killed Snorg
 28657 | D:13     | Found a radiant altar of Vehumet.
 28770 | D:13     | Noticed Frances
 28809 | D:13     | Killed Frances
 29090 | D:13     | Identified the +1 buckler "Suagoqerr" {Harm rPois Int-2
                  | Dex+4}
 29137 | D:13     | Noticed Urug
 29142 | D:13     | Killed Urug
 29399 | D:13     | Reached skill level 10 in Shields
 29475 | D:14     | Noticed Nessos
 29486 | D:14     | Killed Nessos
 29593 | D:14     | Gained mutation: You are frail. (-10% HP) [mutagenic glow]
 29634 | D:14     | Noticed Louise
 29636 | D:14     | Noticed Roxanne
 29665 | D:15     | Entered Level 15 of the Dungeon
 29730 | D:14     | Killed Louise
 29788 | D:14     | Noticed Jorgrun
 29800 | D:14     | Killed Jorgrun
 30331 | D:14     | Found a gate to the Vaults.
 30494 | D:14     | Found a sacrificial altar of Ru.
 30991 | D:14     | Gained mutation: A powerful demonic guardian rushes to your
                  | aid. [demonic ancestry]
 30991 | D:14     | Reached XP level 16. HP: 106/106 MP: 16/30
 31132 | D:15     | Noticed Kirke
 31149 | D:15     | Killed Kirke
 31801 | D:15     | Found a staircase to the Depths.
 31828 | D:15     | Learned a level 2 spell: Sublimation of Blood
 32521 | D:1      | Bought a ring of poison resistance for 240 gold pieces
 32740 | Spider:1 | Entered Level 1 of the Spider Nest
 32934 | Spider:1 | You fall into a shaft and drop 1 floor!
 33667 | Spider:2 | Identified the +0 chain mail of the Weaver {Dex+3}
 34051 | Spider:1 | Noticed Agnes
 34072 | Spider:1 | Killed Agnes
 34081 | Spider:1 | Reached skill level 10 in Fighting
 34439 | Spider:1 | Reached skill level 12 in Necromancy
 34664 | Spider:1 | Got Sif Muna's Almanac of the Eleven Beds
 36392 | Spider:4 | Entered Level 4 of the Spider Nest
 36495 | Spider:4 | Gained mutation: You are completely covered in molten
                  | scales. (AC +4, rF+) [demonic ancestry]
 36495 | Spider:4 | Reached XP level 17. HP: 107/115 MP: 26/32
 37191 | Spider:4 | Noticed Aizul
 37212 | Spider:4 | Killed Aizul
 37451 | Spider:4 | Reached skill level 13 in Necromancy
 37859 | Spider:4 | Got a gossamer rune of Zot
 37878 | Spider:4 | Identified the +0 helmet of the Lizard {rF+ rCorr}
 38157 | Swamp:1  | Entered Level 1 of the Swamp
 38287 | Swamp:1  | Received a gift from Kikubaaqudgha
 38654 | Swamp:1  | You fall into a shaft and drop 1 floor!
 38810 | Swamp:2  | Identified the +0 leather armour of the Sneaky Coins {rPois
                  | Regen+ Dex+3}
 39327 | Swamp:2  | You fall into a shaft and drop 1 floor!
 39408 | Swamp:3  | Reached skill level 1 in Armour
 40369 | Swamp:4  | Entered Level 4 of the Swamp
 40410 | Swamp:4  | Reached skill level 5 in Armour
 40500 | Swamp:4  | Got a decaying rune of Zot
 40697 | Swamp:4  | Gained mutation: Your magical and physical power is
                  | slightly enhanced at high health. [demonic ancestry]
 40697 | Swamp:4  | Reached XP level 18. HP: 115/120 MP: 34/34
 41198 | Swamp:2  | Found a runed translucent door.
 41199 | Swamp:2  | Found a shimmering altar of Xom.
 41199 | Swamp:2  | Noticed Kaptain's ghost (adept GrEE)
 41238 | Swamp:2  | Killed Kaptain's ghost
 41931 | Swamp:1  | Learned a level 5 spell: Yara's Violent Unravelling
 41992 | Swamp:1  | Identified the +11 war axe "Xilysodd" {drain, rElec Int-3
                  | Dex+3}
 42004 | Swamp:1  | Reached skill level 1 in Transmutations
 42383 | Orc:2    | Bought a scroll of enchant armour for 90 gold pieces
 42390 | Orc:2    | Bought a phial of floods for 1400 gold pieces
 42436 | Elf:1    | Entered Level 1 of the Elven Halls
 43211 | Elf:1    | Reached skill level 10 in Armour
 43329 | Elf:1    | Got the Tome of Combat Magic and the Escort
 43608 | Elf:1    | Paralysed by an air elemental for 1 turns
 43656 | Elf:1    | Found a large runed translucent door.
 43657 | Elf:1    | Found a large runed translucent door.
 43659 | Elf:1    | Noticed McKennaii's ghost (adept DgCj)
 43670 | Elf:1    | Killed McKennaii's ghost
 43671 | Elf:1    | Reached skill level 14 in Necromancy
 43674 | Elf:1    | Identified the +1 robe of Lifelessness {Rampage Will+ Int+3
                  | SInv}
 44446 | Elf:2    | Reached skill level 15 in Necromancy
 44460 | Elf:2    | Found a runed translucent gate.
 44460 | Elf:2    | Found a runed translucent gate.
 44460 | Elf:2    | Found a runed translucent gate.
 44968 | Elf:2    | Reached XP level 19. HP: 110/126 MP: 35/35
 45163 | Elf:2    | Reached skill level 16 in Necromancy
 45686 | Vaults:1 | Entered Level 1 of the Vaults
 46227 | Vaults:1 | Lost mutation: You sometimes lose the ability to read
                  | scrolls when taking damage. [potion of mutation]
 46227 | Vaults:1 | Lost mutation: You are weak. (Str -2) [potion of mutation]
 46227 | Vaults:1 | Lost mutation: Your spells are a little easier to cast, but
                  | a little less powerful. [potion of mutation]
 46227 | Vaults:1 | Gained mutation: Your spells are a little easier to cast,
                  | but a little less powerful. [potion of mutation]
 46940 | Vaults:1 | Reached skill level 17 in Necromancy
 47798 | Vaults:1 | Identified the +0 hat of Hadjma {rC+ Stlth+}
 47810 | Vaults:1 | Found a radiant altar of Vehumet.
 47822 | Vaults:1 | Identified the +0 hat of the Eagle {rN+ SInv}
 48334 | Vaults:2 | Learned a level 8 spell: Infestation
 48817 | Vaults:2 | Reached XP level 20. HP: 132/133 MP: 35/38
 48938 | Vaults:2 | Reached skill level 18 in Necromancy
 50069 | Vaults:3 | Reached skill level 19 in Necromancy
 50197 | Vaults:3 | Found a staircase to the Crypt.
 50623 | Vaults:3 | Noticed Margery
 50688 | Vaults:3 | Killed Margery
 52271 | Vaults:4 | Reached skill level 15 in Spellcasting
 52456 | Vaults:4 | Found Ziogg's Antique Armour Shoppe.
 52654 | Vaults:4 | Reached XP level 21. HP: 142/143 MP: 40/40
 53774 | Depths:1 | Entered Level 1 of the Depths
 54053 | Depths:1 | Found a corrupted altar of Lugonu.
 54053 | Depths:1 | Found a one-way gate to the infinite horrors of the Abyss.
 54324 | Depths:1 | Reached skill level 20 in Necromancy
 54640 | Depths:1 | Found a runed translucent door.
 54667 | Depths:1 | Noticed Mara
 54686 | Depths:1 | Noticed Hortimo's illusion
 55147 | Depths:1 | Noticed Hortimo's illusion
 55196 | Depths:1 | Killed Mara
 55882 | Depths:1 | Identified the +9 hand crossbow of Wu Jian's Whim {elec,
                  | Dex+3 Stlth+}
 55882 | Depths:1 | Identified the ring of Lucidity {Wiz Fly rPois Dex-3 SInv}
 57130 | Depths:1 | Found a gateway to Hell.
 58198 | Depths:2 | Found a one-way gate leading to the halls of Pandemonium.
 58292 | Depths:2 | Reached XP level 22. HP: 111/152 MP: 36/42
 58474 | Depths:2 | Noticed a caustic shrike
 58503 | Depths:2 | Killed a caustic shrike
 58510 | Depths:2 | Identified the ring of Saprigh {rN+ SInv}
 58736 | Depths:1 | Learned a level 8 spell: Borgnjor's Revivification
 59390 | Depths:2 | Noticed a golden dragon
 59397 | Depths:2 | Killed a golden dragon
 59813 | Depths:2 | Reached skill level 21 in Necromancy
 60068 | Depths:2 | Noticed a caustic shrike
 60083 | Depths:2 | Killed a caustic shrike
 60702 | Depths:3 | Found a transporter.
 60705 | Depths:3 | Found a corrupted altar of Lugonu.
 60762 | Depths:3 | Reached skill level 10 in Dodging
 61284 | Depths:3 | Found a transporter.
 61296 | Depths:3 | Paralysed by accursed screaming for 1 turns
 61309 | Depths:3 | Identified the ring of Assuata {Wiz +Blink}
 61348 | Depths:3 | Identified the amulet "Coankit" {*Corrode rPois Regen+
                  | Int+6 Dex-2}
 61535 | Depths:3 | Found Kaur's Jewellery Shop.
 61535 | Depths:3 | Found Yceuj's Book Shoppe.
 61536 | Depths:3 | Found Garhij's Book Shoppe.
 61544 | Depths:3 | Bought the ring "Xakaomon" {rC++ Will+ Str+6 Int-4} for
                  | 1523 gold pieces
 61627 | Depths:4 | Noticed a golden dragon
 61925 | Depths:4 | Found a transporter.
 62099 | Depths:4 | Found a transporter.
 62138 | Depths:4 | Noticed a golden dragon
 62141 | Depths:4 | Killed a golden dragon
 62446 | Depths:4 | Killed a golden dragon
 62501 | Depths:4 | Acquired 1159 gold pieces
 62597 | Depths:4 | Found a sparkling altar of Nemelex Xobeh.
 62627 | Depths:4 | Found a gateway to a ziggurat.
 62659 | Depths:4 | Reached XP level 23. HP: 137/161 MP: 39/43
 62701 | Depths:4 | Found a viscous altar of Jiyva.
 62800 | Depths:5 | Entered Level 5 of the Depths
 62873 | Depths:5 | Found a hide-covered altar of Uskayaw.
 62986 | Depths:5 | Found a gate to the Realm of Zot.
 63057 | Depths:5 | Reached skill level 15 in Fighting
 63794 | Depths:5 | Noticed Mennas
 64795 | Elf:3    | Entered Level 3 of the Elven Halls
 64813 | Elf:3    | Acquired the amulet "Mohi" {RegenMP rPois Regen+ rCorr
                  | Slay+6}
 65805 | Elf:3    | Identified the +8 long sword of Traps {flame, rPois Str+5
                  | SInv Stlth-}
 65820 | Elf:3    | Paralysed by an air elemental for 1 turns
 65958 | Elf:3    | Identified the +12 dagger "Etaosey" {venom, *Rage Fly Int+4
                  | SInv}
 66059 | Elf:3    | Acquired the +4 tower shield "Hamyffoa" {Harm Fly Stlth-}
 66400 | Elf:3    | Got the Handbook of Black Rituals
 66406 | Elf:3    | Identified the +4 hunting sling of Wiptib {vorpal, Str+5
                  | Dex+5}
 66793 | Crypt:1  | Entered Level 1 of the Crypt
 66897 | Crypt:1  | Reached skill level 22 in Necromancy
 66979 | Crypt:1  | Reached skill level 1 in Summonings
 67510 | Crypt:1  | Learned a level 7 spell: Haunt
 67524 | Crypt:1  | Gained mutation: Your magical and physical power is
                  | enhanced at high health. [demonic ancestry]
 67524 | Crypt:1  | Reached XP level 24. HP: 170/170 MP: 44/44
 67552 | Crypt:1  | Identified the +1 leather armour of Disappointment {rElec
                  | rC- Dex+3 SInv}
 68241 | Crypt:2  | Reached skill level 5 in Summonings
 68329 | Crypt:2  | Noticed Frederick
 68353 | Crypt:2  | Killed Frederick
 69161 | Crypt:2  | Got the Incunabulum of Unholy Arts
 69311 | Crypt:3  | Entered Level 3 of the Crypt
 70173 | Crypt:3  | Noticed a dread lich
 70578 | Crypt:3  | Found a staircase to the Tomb.
 70671 | Crypt:3  | Killed a dread lich
 70677 | Crypt:3  | Identified the amulet of Jeenut Laib {Regen+ rCorr Dex+4}
 70677 | Crypt:3  | Identified the ring of Gowirhuthej {rN+ Dex+3}
 70678 | Crypt:3  | Identified the +1 leather armour of Relativism {Str+7
                  | Dex-3}
 70682 | Crypt:3  | Identified the +1 robe of the Dungeon {rN+}
 70692 | Crypt:3  | Identified the +2 leather armour of Music {Str+4 Dex-3}
 70864 | Vaults:5 | Entered Level 5 of the Vaults
 70886 | Vaults:5 | Reached skill level 15 in Armour
 70886 | Vaults:5 | Gained mutation: Spells you cast and wands you use may
                  | paralyse nearby enemies. [demonic ancestry]
 70886 | Vaults:5 | Reached XP level 25. HP: 102/180 MP: 44/44
 71271 | Vaults:5 | Killed a dread lich
 71297 | Vaults:5 | Identified the +10 flail "Tank" {vorpal, Fly Dex+3 SInv
                  | Stlth-}
 71436 | Vaults:5 | Noticed an ancient lich
 71481 | Vaults:5 | Killed an ancient lich
 71653 | Vaults:5 | Identified the +5 spear "Arie" {speed, *Rage +Blink rN+
                  | Dex+4}
 72617 | Vaults:5 | Got Sif Muna's Papyrus of Flamy Dislocation
 72622 | Vaults:5 | Got the Disquisition on Enchantment and the Escort
 72623 | Vaults:5 | Identified the -3 pair of boots of Festooned Mirth {Rampage
                  | Drain rF+ rCorr}
 72667 | Vaults:5 | Reached skill level 5 in Transmutations
 72742 | Vaults:5 | Identified the +7 quarterstaff "Tykaxtir" {holy, rN+
                  | Will++}
 72753 | Vaults:5 | Reached XP level 26. HP: 189/189 MP: 45/45
 72783 | Vaults:5 | Got a silver rune of Zot
 73723 | Slime:1  | Entered Level 1 of the Pits of Slime
 74024 | Slime:5  | Entered Level 5 of the Pits of Slime
 74119 | Slime:5  | Reached skill level 10 in Transmutations
 74175 | Slime:5  | Noticed the Royal Jelly
 74239 | Slime:5  | Killed the Royal Jelly
 74440 | Slime:5  | Identified the ring "Junta" {rF- AC+4 Str+3 Dex+5 SInv}
 74447 | Slime:5  | Got the Papyrus of the Volcanoes
 74476 | Slime:5  | Identified the +2 demon whip of Dullness {venom, Fly rElec
                  | rF- Will++}
 74488 | Slime:5  | Got a slimy rune of Zot
 74616 | Slime:5  | Learned a level 8 spell: Necromutation
 75053 | Depths:1 | Voluntarily entered the Abyss.
 75056 | Abyss:1  | Found a corrupted altar of Lugonu.
 75061 | Abyss:1  | Found a corrupted altar of Lugonu.
 75079 | Abyss:2  | Found a shimmering blue altar of Sif Muna.
 75396 | Abyss:3  | Got Mul Borchuma's Disquisition on Dusty Transformation
 75443 | Abyss:3  | Found a corrupted altar of Lugonu.
 75566 | Abyss:3  | Found a snail-covered altar of Cheibriados.
 76057 | Abyss:3  | Found a corrupted altar of Lugonu.
 76261 | Abyss:3  | Found a shadowy altar of Dithmenos.
 76367 | Abyss:3  | Found a corrupted altar of Lugonu.
 76386 | Abyss:3  | Got an abyssal rune of Zot
 76565 | Depths:1 | Escaped the Abyss
 76921 | Tomb:1   | Entered Level 1 of the Tomb of the Ancients
 77034 | Tomb:1   | Identified the +0 mace "Omiblyj" {vorpal, Dex+6}
 77094 | Tomb:1   | Gained mutation: Your magical and physical power is greatly
                  | enhanced at high health. [demonic ancestry]
 77094 | Tomb:1   | Reached XP level 27. HP: 195/195 MP: 40/45
 77205 | Tomb:1   | Reached skill level 15 in Transmutations
 77388 | Tomb:1   | Noticed a royal mummy
 77392 | Tomb:1   | Noticed a royal mummy
 77432 | Tomb:1   | Killed a royal mummy
 77445 | Tomb:1   | Killed a royal mummy
 77471 | Tomb:1   | Noticed a royal mummy
 77479 | Tomb:1   | Noticed a royal mummy
 77491 | Tomb:1   | Killed a royal mummy
 77499 | Tomb:1   | Killed a royal mummy
 78019 | Depths:4 | Reached skill level 15 in Dodging
 78046 | Depths:4 | Identified the amulet "Wosogu" {Acrobat rElec Regen+ rCorr
                  | Str+2}
 78231 | Zot:1    | Entered Level 1 of the Realm of Zot
 78643 | Zot:1    | Identified the +4 plate armour of the Present {Drain Int+3
                  | Dex+2}
 78738 | Zot:1    | Noticed an orb of fire
 78739 | Zot:1    | Gained mutation: You frequently scream uncontrollably at
                  | your foes. [an orb of fire]
 78748 | Zot:1    | Gained mutation: You evolve. [an orb of fire]
 78755 | Zot:1    | Killed an orb of fire
 78825 | Zot:2    | You fall into a shaft and drop 1 floor!
 79973 | Zot:4    | Found Baidda Adog's Changing Room.
 80016 | Zot:4    | Bought a book of Changes for 360 gold pieces
 80337 | Zot:4    | Noticed an orb of fire
 80375 | Zot:4    | Killed an orb of fire
 80791 | Zot:4    | Found a sacrificial altar of Ru.
 80979 | Zot:5    | Entered Level 5 of the Realm of Zot
 81481 | Zot:5    | Noticed a dread lich
 81503 | Zot:5    | Killed a dread lich
 81549 | Zot:5    | Noticed an orb of fire
 81551 | Zot:5    | Gained mutation: Your magical capacity is low. (-10% MP)
                  | [an orb of fire]
 81560 | Zot:5    | Gained mutation: You are weak. (Str -2) [an orb of fire]
 81561 | Zot:5    | Gained mutation: You are clumsy. (Dex -2) [an orb of fire]
 81571 | Zot:5    | Killed an orb of fire
 81582 | Zot:5    | Noticed an orb of fire
 81618 | Zot:5    | Killed an orb of fire
 81619 | Zot:5    | Noticed an orb of fire
 81624 | Zot:5    | Gained mutation: You are very clumsy. (Dex -4) [an orb of
                  | fire]
 81637 | Zot:5    | Gained mutation: Your spells are easier to cast, but less
                  | powerful. [an orb of fire]
 81642 | Zot:5    | Killed an orb of fire
 81749 | Zot:5    | Noticed a dread lich
 81765 | Zot:5    | Killed a dread lich
 81930 | Zot:5    | Noticed an orb of fire
 81956 | Zot:5    | Killed an orb of fire
 82107 | Zot:5    | Identified the +7 hand axe "Must" {vorpal, Int+4}
 82133 | Zot:5    | Noticed an orb of fire
 82172 | Zot:5    | Killed an orb of fire
 82189 | Zot:5    | Noticed an ancient lich
 82199 | Zot:5    | Noticed an orb of fire
 82204 | Zot:5    | Gained mutation: You tend to lose your temper in combat.
                  | [an orb of fire]
 82217 | Zot:5    | Killed an orb of fire
 82232 | Zot:5    | Killed a dread lich
 82250 | Zot:5    | Killed an ancient lich
 82302 | Zot:5    | Got the Orb of Zot
 82369 | Zot:4    | Noticed Vaopuq the pandemonium lord
 82734 | D:12     | Noticed Ollovouc the pandemonium lord
 82739 | D:12     | Gained mutation: You do not regenerate when monsters are
                  | visible. [a neqoxec]
 82752 | D:12     | Gained mutation: You are very weak. (Str -4) [a neqoxec]
 83090 | D:$      | Escaped with the Orb!

Illustrated notes

Levels and vault maps discovered:
D:1:      grunt_arrival_lava_bath, layout_basic, serial_forest,
          infiniplex_forest_end_double, infiniplex_forest_zigzag_2,
          infiniplex_forest_split, infiniplex_forest_clump_long,
          infiniplex_forest_pool, serial_shops, shop_statue, shop,
          shapermc_ecumenical_altar_acropolis
D:2:      layout_basic, minivault_19, chequers_serial_rivers_micro_e,
          hangedman_decor_peaks_small, st_stairs_2
D:3:      layout_basic, chequers_mini_garden
D:4:      layout_basic, xom_confusion_cloud, minmay_temple_entry_tees,
          nrook_campfire, serial_bayou_pond_b, uniq_blork_the_orc
D:5:      layout_cave_pods, gammafunk_temple_overflow_wave,
          hellmonk_ghost_happy_afterlife, grunt_ministairs_1
D:6:      layout_cave_pools, nicolae_dithmenos_the_darkroom,
          ebering_ghost_rock_garden, uniq_prince_ribbit1, uniq_grinder,
          uniq_eustachio
D:7:      layout_rooms
D:8:      layout_loops_cross, dpeg_lair_monsters, enter_bailey_1,
          kennysheep_crisscross
D:9:      layout_loops_cross, tso_oasis_becter, bloody_makhleb, uniq_psyche
D:10:     layout_roguey, pf_just_have_faith, david_orc_2
D:11:     layout_loops_ring, dk_vineyard_2, lemuel_blue_sif_altar
D:12:     layout_stronghold, serial_shops, nicolae_shop_stone
D:13:     layout_cave_pools, special_room [special_room_orc],
          nicolae_vehumet_radiance, uniq_snorg, uniq_frances, uniq_urug
D:14:     layout_basic, lightli_vaults_fourway_checkpoint,
          nicolae_ru_awakened_eye, serial_undead, serial_undead_b,
          serial_undead_f, serial_undead_e, serial_undead_f, serial_undead_d,
          serial_undead_c, uniq_jorgrun, uniq_roxanne, uniq_nessos, uniq_louise
D:15:     grunt_enter_depths_hoard, layout_stronghold,
          hangedman_decor_diamond_cutter, minmay_three_doors, uniq_kirke
Temple:   regret_index_temple_generic_petals
Lair:1:   layout_gridlike, chequers_serial_rivers_micro_b, lemuel_centaur_altar
Lair:2:   layout_layer_cave, spider_nest_entry_funnel_web, lemuel_fruit_tree,
          grunt_megastairs_2, uniq_erica
Lair:3:   layout_regular_city, gauntlet_entry_generic, lemuel_oklob_altar
Lair:4:   layout_small_grid, minmay_swamp_entry_swarm,
          chequers_serial_rivers_micro_b, grunt_megastairs_4, uniq_rupert
Lair:5:   gammafunk_indiana_jones, layout_gridlike, grunt_megastairs_5
Lair:6:   cheibrodos_lair_end_hotspot, layout_hall_layers,
          nicolae_slime_entry_slimehenge, nicolae_volcano_entry_lava_flow,
          portal_ice_cave_entry_ice_simulacra, chequers_serial_rivers_room_a
Swamp:1:  nicolae_swamp_secret_spriggan_hideout, layout_basic_swamp,
          hangedman_swamp_pad, swamp_pool1
Swamp:2:  layout_basic_swamp, ebering_ghost_xom,
          nicolae_swamp_orc_logging_accident
Swamp:3:  layout_basic_swamp, evilmike_swamp_ruin_house_2, swamp_pool4,
          st_swamp_ruins_3
Swamp:4:  swamp, layout_basic_swamp, nicolae_swamp_bean_lake
Spider:1: layout_chambers, hangedman_spider_tarantella_strand, uniq_agnes
Spider:2: layout_spider_delve
Spider:3: layout_spider_delve
Spider:4: grunt_spider_rune_parallel, nicolae_spider_bug_shape, uniq_aizul
Slime:1:  layout_caves
Slime:2:  layout_caves, nicolae_slime_round_cave
Slime:3:  layout_caves
Slime:4:  layout_caves
Slime:5
Orc:1:    layout_caves, uniq_harold
Orc:2:    st_orc_mages, layout_caves, serial_shops, nicolae_diamond_shop,
          abandoned_shop
Elf:1:    nicolae_elf_arrival_fired_up, layout_geoelf_octagon,
          ebering_ghost_disaster_area, minmay_elf_sorcery, nicolae_elf_m_pinch,
          kilobyte_mutagenic_chamber
Elf:2:    elven_hall_of_blades_hangedman_original
          [nicolae_blade_entry_hurt_lockers], layout_geoelf_grid
Elf:3:    minmay_elf_hall_hex, layout_geoelf_octagon
Vaults:1: vaults_standard_mumra_enter_the_diamond, vaults_room_semicircle,
          nicolae_vaults_stairing_the_circle, vaults_room_pool,
          grunt_tower_of_power, grunt_vaults_hallway_long,
          dpeg_vaults_monster_box, vaults_room_hallway, v_misc_2,
          layout_vaults_omnigrid
Vaults:2: nicolae_vaults_back_hallway, vaults_room_boxed,
          nicolae_vaults_little_squares_5, grunt_vaults_hallway_short,
          vaults_room_corners, nicolae_vaults_statue_guard,
          nicolae_vaults_ninety_degrees, hangedman_vaults_stitches, v_pattern_3,
          hangedman_vaults_trim, ontoclasm_vaults_idyll, layout_vaults_omnibox
Vaults:3: minmay_crypt_entry_simple_corners, nicolae_vaults_network_barrier,
          hangedman_vaults_snaps, v_pattern_5, nicolae_vaults_ring_of_whatevers,
          v_misc_24, v_misc_16, hangedman_vaults_nails,
          vaults_standard_mumra_enter_the_diamond,
          nicolae_vaults_mini_display_case, ontoclasm_vaults_shout,
          ontoclasm_vaults_twist, layout_vaults_ring, uniq_margery
Vaults:4: v_rooms_4, grunt_vaults_focal, v_rooms_4, grunt_vaults_diagonal,
          hangedman_vaults_stagger, vaults_room_pool,
          layout_vaults_chaotic_city, serial_shops, shop
Vaults:5: serial_shops
Crypt:1:  layout_catacombs
Crypt:2:  layout_rooms, special_room [special_room_morgue], st_chilly_death,
          uniq_frederick
Crypt:3:  david_glass_crypt, layout_misc_corridors,
          nicolae_tomb_entry_grand_gallery
Tomb:1
Depths:1: nzn_winding_woodlands_huge [nzn_winding_woodlands_5x15_longhouse,
          nzn_winding_woodlands_5x15_default, nzn_winding_woodlands_5x15_zeroes,
          nzn_winding_woodlands_5x15_crooked, nzn_winding_woodlands_5x15_eye,
          nzn_winding_woodlands_5x15_jagged,
          nzn_winding_woodlands_5x15_sawtooth,
          nzn_winding_woodlands_5x15_lazy_stream,
          nzn_winding_woodlands_5x15_split_checker,
          nzn_winding_woodlands_5x15_sidewinder,
          nzn_winding_woodlands_center_diamonds,
          nzn_winding_woodlands_center_triple_pond,
          nzn_winding_woodlands_15x15_thick_spiral], layout_basic,
          minmay_hedge_maze, abyss_entry_flame_altar, grunt_hell_entry_dis_mu,
          minmay_acid_items, serial_bayou_shore_a, uniq_mara
Depths:2: hangedman_pleasuredromes, pan_entry, hell_entry
Depths:3: gammafunk_corrupted_shrine, layout_basic, grunt_pan_entry_zigzag,
          hell_entry, infiniplex_staircase_x, minmay_shop_grove
Depths:4: gammafunk_jiyva_shrine, layout_cave_pools, enter_ziggurat_a,
          hell_entry, abyss_entry, nemelex_spade_bored_becter
Depths:5: grunt_zot_entry_alcove, layout_basic, lightli_too_deep,
          grunt_pan_entry_in_and_out, nicolae_uskayaw_suspiria,
          nicolae_elyvilon_peaceful_grove, uniq_mennas
Zot:1:    layout_basic, gammafunk_ghost_cemetery, st_stairs_3,
          st_single_dragon_hoard_4, st_large_dragon_hoard_1
Zot:2:    layout_misc_corridors, basic_altar, amcnicky_altar_lugonu_corruption
Zot:3:    gammafunk_its_a_trap, layout_gridlike
Zot:4:    grunt_zot_stairs_mandelzot, layout_concentric_octagons, basic_altar,
          st_stairs_11, nicolae_transmutations_shop
Zot:5:    layout_onion

Skill      XL: |  1  2  3  4  5  6  7  8  9 10 11 12 13 14 15 16 17 18 19 20 21 22 23 24 25 26 27 |
---------------+----------------------------------------------------------------------------------+-----
Necromancy     | 5 6 7 8 9 10 11 12 13 15 17 19 20 21 22 | 22.0
Fighting       | 1 5 7 8 10 12 13 14 15 17 18 20 | 20.7
Spellcasting   | 3 7 9 10 11 12 14 15 16 17 18 | 18.5
Short Blades   | 7 8 |  8.0
Dodging        | 4 6 7 8 11 12 14 20 | 20.2
Stealth        | 6 |  6.5
Ice Magic      | 5 8 9 |  9.2
Evocations     | 5 |  5.8
Hexes          | 8 10 11 | 11.0
Shields        | 7 12 14 | 14.4
Armour         | 6 10 12 15 | 15.0
Transmutations | 3 5 14 16 | 16.0
Summonings     | 3 5 |  5.7

Action                   |  1- 3 |  4- 6 |  7- 9 | 10-12 | 13-15 | 16-18 | 19-21 | 22-24 | 25-27 || total
-------------------------+-------+-------+-------+-------+-------+-------+-------+-------+-------++-------
Melee: Short sword       |    13 |       |   105 |   133 |       |       |       |       |       ||   251
       Dagger            |    16 |    50 |    23 |    45 |       |       |       |       |       ||   134
       Kick              |     6 |     8 |    23 |   100 |   485 |   631 |  1112 |  1073 |  1218 ||  4656
       Unarmed           |       |       |       |     5 |       |       |       |       |       ||     5
       Quick blade       |       |       |       |   379 |  1697 |  2364 |  2736 |  2294 |  2427 || 11897
Throw: Boomerang         |       |       |     3 |       |       |       |       |       |       ||     3
       Throwing net      |       |       |     1 |       |     6 |       |       |       |       ||     7
       Dart              |       |       |     1 |       |       |       |       |       |       ||     1
 Cast: Pain              |    70 |    47 |    27 |     7 |    14 |       |       |       |       ||   165
       Vampiric Draining |     1 |    12 |    48 |   163 |   189 |   214 |   206 |   102 |       ||   935
       Animate Skeleton  |       |       |     1 |     1 |       |       |       |       |       ||     2
       Animate Dead      |       |       |     5 |     7 |    14 |     9 |     5 |    13 |    18 ||    71
       Dispel Undead     |       |       |       |    13 |    23 |    11 |     7 |    94 |    12 ||   160
       Corpse Rot        |       |       |       |     1 |       |       |     5 |       |       ||     6
       Simulacrum        |       |       |       |       |     1 |    11 |    11 |    25 |    38 ||    86
       Fulminant Prism   |       |       |       |       |    21 |    11 |    12 |    31 |     1 ||    76
       Invisibility      |       |       |       |       |    14 |    10 |     8 |     3 |     1 ||    36
       Yara's Violent Un |       |       |       |       |       |     1 |     2 |     1 |       ||     4
       Infestation       |       |       |       |       |       |       |    13 |    17 |    15 ||    45
       Blink             |       |       |       |       |       |       |       |     4 |     4 ||     8
       Haunt             |       |       |       |       |       |       |       |       |    47 ||    47
       Necromutation     |       |       |       |       |       |       |       |       |    14 ||    14
Invok: Receive Corpses   |       |       |     2 |     2 |     4 |     2 |     6 |    12 |    22 ||    50
       Torment           |       |       |       |       |     1 |       |       |       |       ||     1
       Receive Forbidden |       |       |       |       |       |     1 |       |       |       ||     1
 Abil: End Transformatio |       |       |       |       |       |       |       |       |     2 ||     2
Evoke: Wand              |       |       |     7 |       |     9 |       |       |     8 |     4 ||    28
       Condenser vane    |       |       |       |     2 |     2 |       |     1 |     3 |       ||     8
       Box of beasts     |       |       |       |     1 |     2 |     2 |       |     1 |       ||     6
       Phantom mirror    |       |       |       |       |     1 |     2 |     1 |       |       ||     4
       Phial of floods   |       |       |       |       |       |       |     1 |     1 |       ||     2
       Lightning rod     |       |       |       |       |       |       |       |     8 |       ||     8
  Use: Potion            |       |     4 |     2 |     3 |     4 |     8 |     2 |     8 |    35 ||    66
       Scroll            |       |     2 |    10 |     7 |    11 |    13 |    10 |    18 |    15 ||    86
 Stab: Sleeping          |     3 |     2 |     2 |     7 |     9 |    12 |    18 |     2 |     4 ||    59
       Paralysed         |     2 |    13 |    35 |    88 |   125 |   100 |   106 |    32 |    22 ||   523
       Distracted        |       |       |       |     1 |     4 |     8 |    12 |    13 |    16 ||    54
       Held in net/web   |       |       |       |       |     2 |     2 |       |       |       ||     4
       Invisible         |       |       |       |       |    35 |    44 |    43 |     4 |     3 ||   129
Armor: Robe              |     7 |     9 |     5 |       |   105 |       |       |       |       ||   126
       Ring mail         |     3 |    13 |       |       |       |       |       |       |       ||    16
       Leather armour    |       |       |    49 |   126 |   118 |       |       |       |       ||   293
       Skin              |       |       |       |     1 |     3 |       |       |       |       ||     4
       Animal skin       |       |       |       |       |    83 |   282 |       |       |       ||   365
       Swamp dragon scal |       |       |       |       |       |   180 |   467 |   438 |   412 ||  1497
Dodge: Dodged            |    12 |    54 |    93 |   231 |   546 |   545 |   449 |   499 |   562 ||  2991
Block: Kite shield       |       |       |       |       |   114 |   681 |   657 |   827 |   881 ||  3160
